 Dungeon Crawl Stone Soup version 0.30-a0-174-gbc10bd73c2 (webtiles) character file.

Game seed: 4010111107273579138

70639 qw the Severer (level 15, -2/76 HPs)
             Began as a Gargoyle Fighter on Oct 1, 2022.
             Was a High Priest of Okawaru.
             Slain by a tentacled starspawn (12 damage)
             ... on level 3 of the Abyss.
             The game lasted 00:07:52 (18165 turns).

qw the Severer (Gargoyle Fighter)                  Turns: 18165, Time: 00:07:53

Health: -2/76      AC: 40    Str: 30      XL:     15   Next: 33%
Magic:  16/18      EV:  9    Int:  6      God:    Okawaru [*****.]
Gold:   135        SH: 17    Dex:  6 (7)  Spells: 14/14 levels left

rFire   + . .      SeeInvis +    l - +3 broad axe (vamp)
rCold   . . .      Faith    .    u - +0 kite shield
rNeg    + . .      Spirit   .    E - +2 plate armour {rF+}
rPois   inf        Reflect  +    g - +2 helmet
rElec   +          Harm     .    q - +2 cloak
rCorr   .          Rampage  .    b - +2 pair of gloves
Will    +....      Rage     9%   K - +2 pair of boots
Stlth   ..........               k - amulet of reflection
HPRegen 0.32/turn                m - ring of see invisible
MPRegen 0.16/turn                w - +6 ring of strength

@: about to teleport, heroic, flying, wreathed by umbra
A: sickness immunity, AC +11, big wings, negative energy resistance 1,
electricity resistance, torment resistance 1, petrification resistance, [berserk
2], [clumsy 1], [deformed body], [deterioration 2], [dopey 2], [frail 2], [low
MP 2], [weak 1], [no potion heal 1], [subdued magic 2]
a: Renounce Religion, Heroism, Finesse, Duel


You were on level 3 of the Abyss.
You worshipped Okawaru.
Okawaru was extremely pleased with you.
You visited 3 branches of the dungeon, and saw 20 of its levels.
You visited the Abyss 1 time.
You visited 1 bazaar.
You also visited: Gauntlet.

You collected 2003 gold pieces.
You spent 1868 gold pieces at shops.


Innate Abilities, Weirdness & Mutations

You are immune to sickness and miasma.
Your stone body is resilient. (AC +11)
You are immune to poison.
Your large and strong wings let you fly.
You resist negative energy. (rN+)
You are resistant to electric shocks. (rElec)
You are resistant to unholy torment.
You are immune to petrification.
[You have an uncontrollable temper.]
[You are clumsy. (Dex -2)]
[Armour fits poorly on your strangely shaped body.]
[Your body often deteriorates upon taking damage.]
[You are very dopey. (Int -4)]
[You are very frail. (-20% HP)]
[Your magical capacity is very low. (-20% MP)]
[You are weak. (Str -2)]
[Potions are less effective at restoring your health.]
[Your spells are easier to cast, but less powerful.]


   Skills:
 - Level 12.0(17.0) Fighting
 + Level 15.5(20.5) Axes
 - Level 6.0(11.0) Throwing
 - Level 11.0(16.0) Armour
 - Level 3.1(8.1) Dodging
 - Level 12.0(17.0) Shields
 - Level 10.0 Invocations


You had 14 spell levels left.
You didn't know any spells.
Your spell library was empty.

Inventory:

Hand Weapons
 e - the +10 flail of the Kissing Lamprey {chaos, *Corrode Drain rF+++ rN+}
   (You found it on level 11 of the Dungeon)

   Each time it hits an enemy it has a different, random effect.
   rF:        It renders you almost immune to fire.
   rN:        It protects you from negative energy.
   *Corrode:  It may corrode you when you take damage.
   Drain:     It drains your maximum health when unequipped.
 l - a +3 vampiric broad axe (weapon)
 t - a +0 morningstar
 I - the +8 war axe "Vesosmuh" {vorpal, Will+ Dex+2 SInv}
   (You found it on level 13 of the Dungeon)

   It inflicts extra damage upon your enemies.
   Dex:       It affects your dexterity (+2).
   SInv:      It lets you see invisible.
   Will:      It increases your willpower.
Missiles
 c - 7 boomerangs
 B - 3 javelins
 C - a silver boomerang
 H - 6 silver javelins (quivered)
Armour
 b - a +2 pair of gloves (worn)
 g - a +2 helmet (worn)
 q - a +2 cloak (worn)
 u - a +0 kite shield (worn)
 v - the +0 ring mail "Woim" {+Inv rF+ rCorr Int-3}
   (You found it on level 8 of the Dungeon)

   Int:       It affects your intelligence (-3).
   rF:        It protects you from fire.
   +Inv:      It lets you turn invisible.
   rCorr:     It protects you from acid and corrosion.
 E - a +2 plate armour of fire resistance (worn)
 K - a +2 pair of boots (worn)
Jewellery
 k - an amulet of reflection (around neck)
 m - a ring of see invisible (left hand)
 w - a +6 ring of strength (right hand)
 x - a ring of fire
 y - a ring of fire
 z - a ring of protection from cold
 D - a +6 ring of dexterity
 F - a ring of resist corrosion
 G - the ring "Pomish" {Ice Will+ Int+2 Dex+4}
   (You took it off a minotaur in a Gauntlet)

   [ring of ice]

   It enhances your ice magic.
   Int:       It affects your intelligence (+2).
   Dex:       It affects your dexterity (+4).
   rF:        It makes you vulnerable to fire.
   rC:        It protects you from cold.
   Will:      It increases your willpower.
Scrolls
 a - 7 scrolls of identify
 h - 9 scrolls of teleportation
Potions
 d - 12 potions of might
 f - 7 potions of curing
 i - 6 potions of lignification
 j - 3 potions of haste
 n - 3 potions of magic
 p - 2 potions of attraction
 r - 2 potions of mutation
 L - a potion of resistance

Dungeon Overview and Level Annotations

Branches:
Dungeon (14/15)            Temple (1/1) D:5            Lair (5/5) D:11
  Swamp (0/4) Lair:3        Snake (0/4) Lair:2        Slime (0/5) Lair:4
    Orc (0/2) D:11         Vaults (0/5) D:13        Gauntlet (visited)

Altars:
Ashenzari
Cheibriados
Dithmenos
Elyvilon
Fedhas
Gozag
Hepliaklqana
Kikubaaqudgha
Makhleb
Nemelex Xobeh
Okawaru
Qazlal
Ru
Sif Muna
Trog
Uskayaw
Vehumet
Wu Jian
Xom
Yredelemnul
Zin
The Shining One
Jiyva

Shops:
D:1 (*?[   D:8 *   D:13 ([*

Portals:
Hell: Lair:5
Trove: D:12 (give +5 ice dragon scales)

Annotations:
D:3 1 runed translucent door, Crazy Yiuf
D:9 2 transporters, qw's ghost, novice GrFi
D:10 1 runed translucent door


Message History

You hit the great orb of eyes but do no damage.
You hit the tentacled starspawn but do no damage.
You hit the thrashing horror but do no damage.
You block the thrashing horror's attack. x2
The golden eye blinks at you.
You are confused.
A starcursed mass splits.
The great orb of eyes bites you!
18163 ||| DRINKING 8 potions of curing.
Your system partially rejects the healing.
You feel better.
18163 ||| (to cure confusion)
The thrashing horror tramples you but does no damage.
You block the thrashing horror's attack.
A golden eye comes into view.
The golden eye pulsates ominously.
The tentacled starspawn bites you but does no damage.
The tentacled starspawn tentacle-slaps you!
Your body deteriorates!
You feel clumsy.
You block the great orb of eyes's attack.
The wretched star glows turbulently.
The lance of force reflects off an invisible shield around you!
The lance of force hits the wretched star.
The wretched star is knocked back by the lance of force.
The golden eye turns its gaze towards you.
18164 ||| READING 10 scrolls of teleportation.
As you read the scroll of teleportation, it crumbles to dust.
You feel strangely unstable.
You feel the power of the Abyss delaying your translocation!
You feel like a meek peon again.
The thrashing horror closely misses you.
You block the thrashing horror's attack.
The tentacled starspawn bites you but does no damage.
You block the tentacled starspawn's attack.
The great orb of eyes completely misses you.
A chorus of shrieks assaults your mind.
18165 ||| INVOKING Heroism.
You gain the combat prowess of a mighty hero.
The thrashing horror tramples you but does no damage.
The thrashing horror barely misses you. The tentacled starspawn bites you!
You die...

# ##.#. . .#
.. #.......# #
. #..##... ##
. ##%....# .#
# #....## #.
.#¤..#. ¤# #
#.G.##.. # ..
#GX#w#.#..
...##.@G5>¤#..
#....
###X-¤#... # .
#F*w#....
.#.A.##.# ## .
..... . ##
.##.#. .. #X .
.. .X


You could see a profane servitor, 2 starcursed masses, a tentacled starspawn, a
wretched star, a great orb of eyes, a thrashing horror, 2 starspawn tentacles, 2
golden eyes and an ufetubus.

Vanquished Creatures
  Jorgrun (D:14)
  A dire elephant (Gauntlet)
  A minotaur (Gauntlet)
  An ettin (D:13)
  Fannar (Lair:2)
  13 hydras
  2 centaur warriors
  Erica (Lair:1)
  4 two-headed ogres
  2 thrashing horrors (Abyss:3)
  Sonja (Lair:5)
  A sun demon (Lair:5)
  A wretched star (Abyss:3)
  A deep troll (D:13)
  4 skeletal warriors (D:14)
  A deep elf pyromancer (D:13)
  A lindwurm (Lair:3)
  3 ugly things (D:14)
  4 manticores
  5 large abominations
  6 cyclopes
  2 oklob plants
  An ice statue (Gauntlet)
  3 black mambas
  11 elephants
  A torpor snail (Lair:5)
  Maggie (D:8)
  An orange demon (Abyss:3)
  2 gargoyles (D:12)
  9 cane toads
  An unseen horror (D:13)
  A kobold demonologist (D:11)
  A tormentor (Abyss:3)
  4 rime drakes
  An ice devil (Lair:5)
  3 komodo dragons
  A tengu conjurer (D:13)
  A hellwing (Lair:5)
  4 red devils (Lair:5)
  6 trolls
  A meliai (shapeshifter) (Abyss:3)
  3 hornets
  4 polar bears
  15 blink frogs
  4 slime creatures (D:12)
  Grinder (D:3)
  A dream sheep (Lair:5)
  56 yaks
  2 shadows
  A spriggan (Lair:4)
  A wraith (D:13)
  Eustachio (D:4)
  A vampire (D:11)
  2 steam dragons
  6 wyverns
  A golden eye (Abyss:3)
  3 basilisks
  A neqoxec (Abyss:3)
  5 vampire mosquitoes
  Edmund (D:5)
  14 water moccasins
  4 hell hounds (Lair:5)
  3 nagas (Lair:2)
  3 black bears
  2 orc warriors (D:11)
  4 ice beasts
  2 ogres (D:5)
  8 wolves
  11 centaurs
  2 phantoms
  3 kobold brigands (D:7)
  12 bullfrogs
  A necrophage (D:6)
  2 gnoll sergeants
  3 scorpions
  8 wights
  6 killer bees
  2 electric eels
  7 small abominations
  3 starcursed masses (Abyss:3)
  4 hounds
  5 orc priests
  A gnoll bouda (D:8)
  3 iguanas
  13 orc wizards
  5 hell rats (Lair:5)
  7 adders
  13 gnolls
  A shadow imp (D:6)
  4 white imps
  2 ufetubi
  2 worms
  A dart slug (D:2)
  19 orcs
  7 ball pythons
  10 endoplasms
  2 giant cockroaches
  10 goblins
  4 hobgoblins
  2 jackals (D:1)
  19 kobolds
  5 quokkas
  4 bats
  4 frilled lizards
  5 rats
471 creatures vanquished.

Vanquished Creatures (others)
  A wizard (Lair:5)
  A kobold (D:7)
  17 demonic plants (Gauntlet)
  23 fungi
  42 plants
84 creatures vanquished.

Grand Total: 555 creatures vanquished

Notes
Turn   | Place    | Note
-------+----------+-------------------------------------------
     0 | D:1      | qw the Gargoyle Fighter began the quest for the Orb.
     0 | D:1      | Reached XP level 1. HP: 14/14 MP: 1/1
     0 | D:1      | 0 ||| qw: Version: 0.2-a-13-gfc7b4b4
     0 | D:1      | 0 ||| qw: Game counter: 1959
     0 | D:1      | 0 ||| qw: Always use a shield: true
     0 | D:1      | 0 ||| qw: God list: Okawaru
     0 | D:1      | 0 ||| qw: Allow faded altars: false
     0 | D:1      | 0 ||| qw: Do Orc after D:15 true
     0 | D:1      | 0 ||| qw: Do second Lair branch before Depths: true
     0 | D:1      | 0 ||| qw: Lair rune preference: random
     0 | D:1      | 0 ||| qw: Plans: Normal, Zot:1-4, God:TSO, Crypt, Tomb,
                  | Pan, Slime:5, Hells, Abyss, Orb
     0 | D:1      | 0 ||| PLANNING D:1-11
    65 | D:1      | 65 ||| Stepping ~*~*~tactically~*~*~ (stealth).
    75 | D:1      | Reached skill level 2 in Axes
    96 | D:1      | Reached XP level 2. HP: 19/19 MP: 2/2
   119 | D:1      | Found Wasagaph's Weapon Shoppe.
   126 | D:1      | 126 ||| SHOPLISTING +0 mace (36 gold, have 0).
   219 | D:1      | 219 ||| Stepping ~*~*~tactically~*~*~ (stealth).
   239 | D:1      | Found Ibui's Antique Armour Shop.
   250 | D:1      | 250 ||| SHOPLISTING brightly glowing scale mail (225 gold,
                  | have 0).
   250 | D:1      | 250 ||| SHOPLISTING pair of boots (112 gold, have 0).
   250 | D:1      | 250 ||| SHOPLISTING runed scale mail (175 gold, have 0).
   298 | D:1      | Reached skill level 3 in Axes
   301 | D:1      | Found Boona's General Store.
   315 | D:1      | 315 ||| SHOPLISTING potion of heal wounds (65 gold, have
                  | 0).
   315 | D:1      | 315 ||| SHOPLISTING scroll of teleportation (39 gold, have
                  | 0).
   334 | D:1      | Found Ineqe's Magic Scroll Emporium.
   343 | D:1      | 343 ||| SHOPLISTING scroll of enchant armour (82 gold, have
                  | 0).
   343 | D:1      | 343 ||| SHOPLISTING scroll of identify (22 gold, have 0).
   355 | D:1      | Reached XP level 3. HP: 23/23 MP: 3/3
   362 | D:1      | 362 ||| DROPPING +0 club.
   607 | D:1      | 607 ||| READING scroll labelled KIASCH CUKOG.
   608 | D:1      | 608 ||| READING 3 scrolls labelled VOXZIB BEOTRONET.
   613 | D:1      | 613 ||| READING scroll labelled WIOTENL EGOMI.
   714 | D:1      | 714 ||| READING scroll labelled ADONUM HYFE.
   715 | D:1      | 715 ||| READING 2 scrolls labelled OLIWNOK SOEG.
   716 | D:1      | 716 ||| READING scroll of enchant weapon.
   716 | D:1      | 716 ||| ENCHANTING +1 war axe.
   717 | D:1      | 717 ||| READING scroll labelled LINTI CYCH.
   718 | D:1      | 718 ||| DRINKING 2 grey potions.
   719 | D:1      | 719 ||| DROPPING potion of brilliance.
   754 | D:2      | Reached skill level 1 in Throwing
   942 | D:2      | Found a faded altar of an unknown god.
  1058 | D:2      | Reached XP level 4. HP: 27/28 MP: 4/4
  1087 | D:2      | Identified the +1 robe of Qiff {rN+ Int+5}
  1471 | D:2      | 1471 ||| Stepping ~*~*~tactically~*~*~ (hiding).
  1667 | D:2      | 1667 ||| UPGRADING to +0 chain mail.
  1677 | D:2      | 1677 ||| DROPPING +0 scale mail.
  1678 | D:2      | 1678 ||| UPGRADING to +0 plate armour.
  1688 | D:2      | 1688 ||| DROPPING +0 chain mail.
  1689 | D:2      | 1689 ||| UPGRADING to amulet of reflection.
  1694 | D:2      | 1694 ||| READING 2 scrolls labelled HUCED HEENY.
  1695 | D:2      | 1695 ||| READING scroll labelled TEULUSCH RUWKO.
  1696 | D:2      | 1696 ||| READING scroll labelled PAT SOREXTI.
  1697 | D:2      | 1697 ||| DRINKING 2 white potions.
  1698 | D:2      | 1698 ||| DRINKING 2 fuming pink potions.
  1699 | D:2      | 1699 ||| DROPPING potion of degeneration.
  1768 | D:3      | 1768 ||| Stepping ~*~*~tactically~*~*~ (hiding).
  1769 | D:3      | 1769 ||| Stepping ~*~*~tactically~*~*~ (hiding).
  1776 | D:3      | 1776 ||| FLEEEEING.
  1777 | D:3      | 1777 ||| FLEEEEING.
  1778 | D:3      | 1778 ||| FLEEEEING.
  1779 | D:3      | 1779 ||| FLEEEEING.
  1780 | D:3      | 1780 ||| FLEEEEING.
  1783 | D:3      | 1783 ||| STAIRDANCE
  1801 | D:3      | 1801 ||| STAIRDANCE
  1808 | D:3      | 1808 ||| STAIRDANCE
  1810 | D:3      | 1810 ||| STAIRDANCE
  1817 | D:3      | 1817 ||| DRINKING potion of curing.
  1817 | D:3      | 1817 ||| (to cure confusion)
  1821 | D:3      | Reached skill level 4 in Axes
  1832 | D:3      | 1832 ||| DROPPING +1 whip of venom.
  1859 | D:3      | Reached XP level 5. HP: 32/32 MP: 5/5
  1925 | D:3      | Noticed Grinder
  1932 | D:3      | 1932 ||| Stepping ~*~*~tactically~*~*~ (hiding).
  1944 | D:3      | 1944 ||| Stepping ~*~*~tactically~*~*~ (hiding).
  1946 | D:3      | 1946 ||| Stepping ~*~*~tactically~*~*~ (hiding).
  1952 | D:3      | 1952 ||| Stepping ~*~*~tactically~*~*~ (hiding).
  1957 | D:3      | Killed Grinder
  1958 | D:3      | Reached skill level 5 in Axes
  1958 | D:3      | Reached XP level 6. HP: 37/37 MP: 6/6
  2158 | D:3      | Found a runed translucent door.
  2159 | D:3      | Noticed Crazy Yiuf
  2362 | D:3      | 2362 ||| UPGRADING to ring of see invisible.
  2363 | D:3      | 2363 ||| READING scroll labelled OMAIKHLIMME.
  2364 | D:3      | 2364 ||| READING scroll labelled DUSAK MAUNNEA.
  2365 | D:3      | 2365 ||| DRINKING 2 coppery potions.
  2396 | D:3      | 2396 ||| DRINKING 2 clear potions.
  2648 | D:4      | 2648 ||| READING scroll of enchant armour.
  2648 | D:4      | 2648 ||| ENCHANTING +0 plate armour.
  2651 | D:4      | Noticed Eustachio
  2668 | D:4      | Killed Eustachio
  2669 | D:4      | Reached skill level 6 in Axes
  2669 | D:4      | Reached XP level 7. HP: 41/43 MP: 7/7
  2680 | D:4      | 2680 ||| READING scroll of enchant weapon.
  2680 | D:4      | 2680 ||| ENCHANTING +2 war axe.
  2772 | D:4      | 2772 ||| Stepping ~*~*~tactically~*~*~ (stealth).
  2812 | D:4      | Reached skill level 7 in Axes
  3153 | D:4      | 3153 ||| UPGRADING to +0 pair of boots.
  3158 | D:4      | 3158 ||| READING scroll labelled OKUNEE QISTREYG.
  3168 | D:5      | Entered Level 5 of the Dungeon
  3182 | D:5      | Found a sacrificial altar of Ru.
  3219 | D:5      | Found a staircase to the Ecumenical Temple.
  3220 | D:5      | 3220 ||| PLANNING TEMPLE
  3225 | Temple   | Entered the Ecumenical Temple
  3226 | Temple   | 3226 ||| PLANNING OKAWARU WORSHIP
  3232 | Temple   | Became a worshipper of Warmaster Okawaru
  3233 | Temple   | 3233 ||| PLANNING D:1-11
  3275 | D:5      | 3275 ||| Stepping ~*~*~tactically~*~*~ (stealth).
  3278 | D:5      | 3278 ||| Stepping ~*~*~tactically~*~*~ (stealth).
  3305 | D:5      | 3305 ||| Stepping ~*~*~tactically~*~*~ (hiding).
  3306 | D:5      | 3306 ||| Stepping ~*~*~tactically~*~*~ (hiding).
  3311 | D:5      | 3311 ||| Stepping ~*~*~tactically~*~*~ (stealth).
  3315 | D:5      | 3315 ||| Stepping ~*~*~tactically~*~*~ (hiding).
  3316 | D:5      | 3316 ||| Stepping ~*~*~tactically~*~*~ (hiding).
  3386 | D:5      | 3386 ||| Stepping ~*~*~tactically~*~*~ (stealth).
  3388 | D:5      | 3388 ||| Stepping ~*~*~tactically~*~*~ (stealth).
  3391 | D:5      | Reached XP level 8. HP: 29/49 MP: 8/8
  3395 | D:5      | 3395 ||| Stepping ~*~*~tactically~*~*~ (stealth).
  3397 | D:5      | 3397 ||| Stepping ~*~*~tactically~*~*~ (stealth).
  3401 | D:5      | 3401 ||| Stepping ~*~*~tactically~*~*~ (stealth).
  3442 | D:5      | 3442 ||| Stepping ~*~*~tactically~*~*~ (stealth).
  3453 | D:5      | Reached skill level 1 in Dodging
  3501 | D:5      | Reached * piety under Okawaru
  3635 | D:5      | Noticed Edmund
  3636 | D:5      | 3636 ||| INVOKING Heroism.
  3646 | D:5      | 3646 ||| INVOKING Heroism.
  3647 | D:5      | 3647 ||| INVOKING Heroism.
  3653 | D:5      | Killed Edmund
  4010 | D:5      | 4010 ||| UPGRADING to +0 helmet.
  4015 | D:5      | 4015 ||| UPGRADING to +2 cloak.
  4166 | D:6      | Reached skill level 1 in Invocations
  4205 | D:6      | 4205 ||| Stepping ~*~*~tactically~*~*~ (hiding).
  4209 | D:6      | 4209 ||| INVOKING Heroism.
  4210 | D:6      | 4210 ||| READING scroll labelled ENIYPI MOSOSEOH.
  4219 | D:6      | 4219 ||| Stepping ~*~*~tactically~*~*~ (cloud).
  4220 | D:6      | 4220 ||| Stepping ~*~*~tactically~*~*~ (cloud).
  4221 | D:6      | 4221 ||| Stepping ~*~*~tactically~*~*~ (cloud).
  4355 | D:6      | 4355 ||| Stepping ~*~*~tactically~*~*~ (hiding).
  4357 | D:6      | 4357 ||| Stepping ~*~*~tactically~*~*~ (hiding).
  4371 | D:6      | Reached skill level 8 in Axes
  4393 | D:6      | Reached skill level 3 in Invocations
  4399 | D:6      | Reached XP level 9. HP: 50/54 MP: 11/11
  4446 | D:6      | Reached skill level 6 in Fighting
  4518 | D:6      | 4518 ||| DROPPING +0 flail.
  4578 | D:6      | 4578 ||| INVOKING Heroism.
  4587 | D:6      | Reached ** piety under Okawaru
  4782 | D:6      | Reached skill level 9 in Axes
  4979 | D:6      | 4979 ||| UPGRADING to +0 kite shield.
  4989 | D:6      | 4989 ||| DROPPING +0 buckler.
  5128 | D:7      | Noticed a hornet
  5136 | D:7      | 5136 ||| INVOKING Heroism.
  5141 | D:7      | Killed a hornet
  5177 | D:7      | 5177 ||| FLEEEEING.
  5178 | D:7      | 5178 ||| FLEEEEING.
  5179 | D:7      | 5179 ||| FLEEEEING.
  5180 | D:7      | 5180 ||| FLEEEEING.
  5181 | D:7      | 5181 ||| FLEEEEING.
  5182 | D:7      | 5182 ||| FLEEEEING.
  5183 | D:7      | 5183 ||| FLEEEEING.
  5184 | D:7      | 5184 ||| FLEEEEING.
  5185 | D:7      | 5185 ||| FLEEEEING.
  5186 | D:7      | 5186 ||| STAIRDANCE
  5267 | D:6      | 5267 ||| UPGRADING to +1 pair of gloves.
  5272 | D:6      | 5272 ||| READING 2 scrolls of identify.
  5272 | D:6      | 5272 ||| IDENTIFYING fuming amethyst potion
  5275 | D:7      | 5275 ||| INVOKING Heroism.
  5289 | D:7      | 5289 ||| INVOKING Heroism.
  5339 | D:7      | 5339 ||| FLEEEEING.
  5340 | D:7      | 5340 ||| FLEEEEING.
  5341 | D:7      | 5341 ||| FLEEEEING.
  5342 | D:7      | 5342 ||| FLEEEEING.
  5343 | D:7      | 5343 ||| STAIRDANCE
  5457 | D:7      | 5457 ||| STAIRDANCE
  5485 | D:7      | 5485 ||| STAIRDANCE
  5517 | D:7      | 5517 ||| INVOKING Heroism.
  5524 | D:7      | Reached skill level 6 in Shields
  5636 | D:7      | 5636 ||| INVOKING Heroism.
  5638 | D:7      | 5638 ||| Stepping ~*~*~tactically~*~*~ (stealth).
  5657 | D:7      | 5657 ||| INVOKING Heroism.
  5747 | D:7      | 5747 ||| READING scroll of enchant armour.
  5747 | D:7      | 5747 ||| ENCHANTING +1 pair of gloves.
  5785 | D:7      | 5785 ||| Stepping ~*~*~tactically~*~*~ (hiding).
  5937 | D:7      | 5937 ||| UPGRADING to +6 ring of strength.
  5938 | D:7      | 5938 ||| READING scroll labelled UMECRY JAXITU.
  5970 | D:8      | 5970 ||| Stepping ~*~*~tactically~*~*~ (stealth).
  5972 | D:8      | 5972 ||| Stepping ~*~*~tactically~*~*~ (stealth).
  5975 | D:8      | Reached XP level 10. HP: 60/60 MP: 13/13
  6026 | D:8      | Noticed Maggie
  6031 | D:8      | 6031 ||| INVOKING Heroism.
  6038 | D:8      | Killed Maggie
  6038 | D:8      | Reached *** piety under Okawaru
  6039 | D:8      | Reached skill level 6 in Armour
  6105 | D:8      | 6105 ||| Stepping ~*~*~tactically~*~*~ (hiding).
  6107 | D:8      | 6107 ||| Stepping ~*~*~tactically~*~*~ (stealth).
  6189 | D:8      | Found a broken altar of Ashenzari.
  6190 | D:8      | 6190 ||| Stepping ~*~*~tactically~*~*~ (hiding).
  6194 | D:8      | 6194 ||| INVOKING Heroism.
  6370 | D:8      | 6370 ||| Stepping ~*~*~tactically~*~*~ (stealth).
  6378 | D:8      | 6378 ||| INVOKING Heroism.
  6440 | D:8      | 6440 ||| Stepping ~*~*~tactically~*~*~ (hiding).
  6495 | D:8      | 6495 ||| Stepping ~*~*~tactically~*~*~ (stealth).
  6507 | D:8      | 6507 ||| READING scroll of enchant armour.
  6507 | D:8      | 6507 ||| ENCHANTING +0 helmet.
  6523 | D:8      | Noticed a cyclops
  6524 | D:8      | 6524 ||| Stepping ~*~*~tactically~*~*~ (hiding).
  6528 | D:8      | 6528 ||| INVOKING Heroism.
  6534 | D:8      | Killed a cyclops
  6546 | D:8      | Identified the +0 ring mail "Woim" {+Inv rF+ rCorr Int-3}
  6719 | D:8      | Found Uhadaph's Fire Supplies.
  6731 | D:8      | 6731 ||| BUYING ring of fire (300 gold).
  6731 | D:8      | Bought a ring of fire for 300 gold pieces
  6731 | D:8      | 6731 ||| BUYING ring of fire (300 gold).
  6731 | D:8      | Bought a ring of fire for 300 gold pieces
  6761 | D:8      | 6761 ||| INVOKING Heroism.
  6770 | D:8      | Reached **** piety under Okawaru
  6771 | D:8      | Reached skill level 9 in Shields
  6882 | D:8      | 6882 ||| DRINKING 2 glowing dark potions.
  6983 | D:8      | 6983 ||| DROPPING potion of ambrosia.
  6997 | D:9      | 6997 ||| STAIRDANCE
  7006 | D:9      | 7006 ||| STAIRDANCE
  7019 | D:9      | 7019 ||| STAIRDANCE
  7086 | D:9      | 7086 ||| STAIRDANCE
  7101 | D:9      | Reached XP level 11. HP: 67/67 MP: 14/14
  7106 | D:9      | Received a gift from Okawaru
  7132 | D:9      | Found an ancient bone altar of Kikubaaqudgha.
  7149 | D:9      | 7149 ||| Stepping ~*~*~tactically~*~*~ (hiding).
  7319 | D:9      | 7319 ||| INVOKING Heroism.
  7340 | D:9      | Reached skill level 6 in Invocations
  7358 | D:9      | 7358 ||| Stepping ~*~*~tactically~*~*~ (hiding).
  7363 | D:9      | 7363 ||| INVOKING Heroism.
  7378 | D:9      | Found a flagged portal.
  7554 | D:9      | Noticed a two-headed ogre
  7566 | D:9      | Found a transporter.
  7566 | D:9      | Noticed a cyclops
  7567 | D:9      | Noticed qw's ghost (novice GrFi)
  7572 | D:9      | 7572 ||| INVOKING Heroism.
  7695 | D:9      | Found a transporter.
  7716 | D:9      | You fall into a shaft and drop 2 floors!
  7735 | D:11     | 7735 ||| INVOKING Heroism.
  7738 | D:11     | Noticed a two-headed ogre
  7751 | D:11     | Killed a two-headed ogre
  7752 | D:11     | Reached skill level 10 in Axes
  7762 | D:11     | 7762 ||| INVOKING Heroism.
  7766 | D:11     | Reached ***** piety under Okawaru
  7788 | D:11     | 7788 ||| READING 3 scrolls of identify.
  7788 | D:11     | 7788 ||| IDENTIFYING bubbling orange potion
  7789 | D:11     | 7789 ||| READING 2 scrolls of identify.
  7789 | D:11     | 7789 ||| IDENTIFYING bubbling brown potion
  7790 | D:11     | 7790 ||| DROPPING potion of flight.
  7799 | D:10     | Entered Level 10 of the Dungeon
  7809 | D:10     | Found a runed translucent door.
  7821 | D:10     | Noticed a two-headed ogre
  7822 | D:10     | 7822 ||| INVOKING Heroism.
  7830 | D:10     | Killed a two-headed ogre
  7923 | D:10     | 7923 ||| READING scroll of enchant armour.
  7923 | D:10     | 7923 ||| ENCHANTING +1 helmet.
  7949 | D:10     | 7949 ||| Stepping ~*~*~tactically~*~*~ (hiding).
  7955 | D:10     | 7955 ||| INVOKING Heroism.
  7959 | D:10     | Received a gift from Okawaru
  7960 | D:10     | 7960 ||| Stepping ~*~*~tactically~*~*~ (cloud).
  7962 | D:10     | 7962 ||| Stepping ~*~*~tactically~*~*~ (cloud).
  8033 | D:10     | Found a sparkling altar of Nemelex Xobeh.
  8223 | D:9      | 8223 ||| DRINKING 6 potions of curing.
  8223 | D:9      | 8223 ||| (to cure confusion)
  8406 | D:10     | Noticed a two-headed ogre
  8407 | D:10     | 8407 ||| INVOKING Heroism.
  8412 | D:10     | Killed a two-headed ogre
  8744 | D:11     | Found a staircase to the Lair.
  8790 | D:11     | Noticed a cyclops
  8791 | D:11     | 8791 ||| INVOKING Heroism.
  8796 | D:11     | Killed a cyclops
  8797 | D:11     | Reached skill level 3 in Throwing
  8805 | D:11     | Identified the +10 flail of the Kissing Lamprey {chaos,
                  | *Corrode Drain rF+++ rN+}
  8850 | D:11     | 8850 ||| INVOKING Heroism.
  8887 | D:11     | 8887 ||| INVOKING Heroism.
  8892 | D:11     | Reached skill level 9 in Invocations
  8896 | D:11     | Identified the +4 chain mail of the Unbroken {Rampage rN++
                  | Will+ Str-3} (Okawaru gifted it to you on level 11 of the
                  | Dungeon)
  8896 | D:11     | Received a gift from Okawaru
  8897 | D:11     | Reached XP level 12. HP: 57/73 MP: 16/18
  8981 | D:11     | 8981 ||| DRINKING 7 potions of curing.
  8981 | D:11     | 8981 ||| (to cure confusion)
  9092 | D:11     | 9092 ||| Stepping ~*~*~tactically~*~*~ (stealth).
  9093 | D:11     | 9093 ||| Stepping ~*~*~tactically~*~*~ (stealth).
  9224 | D:11     | Found a staircase to the Orcish Mines.
  9226 | D:11     | 9226 ||| INVOKING Heroism.
  9287 | D:11     | 9287 ||| PLANNING LAIR
  9287 | D:11     | 9287 ||| UPGRADING to +4 chain mail of the Unbroken
                  | {Rampage rN++ Will+ Str-3}.
  9297 | D:11     | 9297 ||| UPGRADING to +0 plate armour of fire resistance.
  9307 | D:11     | 9307 ||| DRINKING 2 smoky dark potions.
  9308 | D:11     | 9308 ||| READING 3 scrolls of identify.
  9308 | D:11     | 9308 ||| IDENTIFYING dark potion
  9317 | Lair:1   | Entered Level 1 of the Lair of Beasts
  9528 | Lair:1   | 9528 ||| INVOKING Heroism.
  9543 | Lair:1   | Reached skill level 11 in Axes
  9752 | Lair:1   | 9752 ||| Stepping ~*~*~tactically~*~*~ (stealth).
  9754 | Lair:1   | 9754 ||| Stepping ~*~*~tactically~*~*~ (stealth).
  9755 | Lair:1   | 9755 ||| Stepping ~*~*~tactically~*~*~ (stealth).
  9760 | Lair:1   | 9760 ||| INVOKING Heroism.
  9836 | Lair:1   | Noticed Erica
  9837 | Lair:1   | 9837 ||| INVOKING Heroism.
  9838 | Lair:1   | 9838 ||| INVOKING Finesse.
  9846 | Lair:1   | Killed Erica
 10203 | Lair:2   | Noticed a seven-headed hydra
 10204 | Lair:2   | 10204 ||| INVOKING Heroism.
 10205 | Lair:2   | 10205 ||| INVOKING Finesse.
 10208 | Lair:2   | 10208 ||| SWAPPING to +0 morningstar.
 10213 | Lair:2   | Killed a seven-headed hydra
 10214 | Lair:2   | 10214 ||| SWAPPING to +3 war axe of freezing.
 10332 | Lair:2   | Found a staircase to the Snake Pit.
 10333 | Lair:2   | 10333 ||| INVOKING Heroism.
 10335 | Lair:2   | 10335 ||| Stepping ~*~*~tactically~*~*~ (water).
 10410 | Lair:2   | Reached skill level 9 in Fighting
 10431 | Lair:2   | 10431 ||| INVOKING Heroism.
 10432 | Lair:2   | 10432 ||| INVOKING Finesse.
 10610 | Lair:2   | Noticed a five-headed hydra
 10611 | Lair:2   | 10611 ||| INVOKING Heroism.
 10615 | Lair:2   | 10615 ||| SWAPPING to +0 morningstar.
 10616 | Lair:2   | Noticed Fannar
 10619 | Lair:2   | Killed a five-headed hydra
 10620 | Lair:2   | Reached skill level 9 in Armour
 10620 | Lair:2   | 10620 ||| SWAPPING to +3 war axe of freezing.
 10622 | Lair:2   | 10622 ||| Stepping ~*~*~tactically~*~*~ (hiding).
 10630 | Lair:2   | 10630 ||| INVOKING Heroism.
 10636 | Lair:2   | HP: 17/76 [Fannar/bolt of cold (18)]
 10637 | Lair:2   | 10637 ||| READING 7 scrolls of teleportation.
 10638 | Lair:2   | 10638 ||| DRINKING potion of heal wounds.
 10855 | Lair:2   | 10855 ||| READING scroll of enchant weapon.
 10855 | Lair:2   | 10855 ||| ENCHANTING +3 war axe of freezing.
 10890 | Lair:2   | 10890 ||| FLEEEEING.
 10891 | Lair:2   | 10891 ||| FLEEEEING.
 10896 | Lair:2   | 10896 ||| STAIRDANCE
 10953 | Lair:2   | 10953 ||| Stepping ~*~*~tactically~*~*~ (hiding).
 10955 | Lair:2   | 10955 ||| Stepping ~*~*~tactically~*~*~ (hiding).
 10956 | Lair:2   | 10956 ||| Stepping ~*~*~tactically~*~*~ (hiding).
 10957 | Lair:2   | 10957 ||| Stepping ~*~*~tactically~*~*~ (hiding).
 10965 | Lair:2   | 10965 ||| INVOKING Heroism.
 10992 | Lair:2   | Killed Fannar
 11076 | Lair:2   | Noticed a six-headed hydra
 11077 | Lair:2   | 11077 ||| INVOKING Heroism.
 11079 | Lair:2   | 11079 ||| SWAPPING to +0 morningstar.
 11081 | Lair:2   | 11081 ||| SWAPPING to +4 war axe of freezing.
 11085 | Lair:2   | 11085 ||| SWAPPING to +0 morningstar.
 11090 | Lair:2   | Killed a six-headed hydra
 11091 | Lair:2   | 11091 ||| SWAPPING to +4 war axe of freezing.
 11198 | Lair:2   | 11198 ||| Stepping ~*~*~tactically~*~*~ (stealth).
 11206 | Lair:2   | 11206 ||| Stepping ~*~*~tactically~*~*~ (stealth).
 11210 | Lair:2   | 11210 ||| Stepping ~*~*~tactically~*~*~ (stealth).
 11216 | Lair:2   | Reached XP level 13. HP: 80/80 MP: 20/20
 11583 | Lair:3   | Reached skill level 12 in Axes
 11661 | Lair:3   | 11661 ||| INVOKING Heroism.
 11699 | Lair:3   | 11699 ||| READING scroll of enchant weapon.
 11699 | Lair:3   | 11699 ||| ENCHANTING +4 war axe of freezing.
 11738 | Lair:3   | 11738 ||| INVOKING Heroism.
 11971 | Lair:3   | Found a staircase to the Swamp.
 12112 | Lair:4   | 12112 ||| INVOKING Heroism.
 12220 | Lair:4   | 12220 ||| INVOKING Heroism.
 12246 | Lair:4   | 12246 ||| INVOKING Finesse.
 12249 | Lair:4   | 12249 ||| INVOKING Heroism.
 12251 | Lair:4   | 12251 ||| SWAPPING to +0 morningstar.
 12256 | Lair:4   | 12256 ||| SWAPPING to +5 war axe of freezing.
 12494 | Lair:4   | 12494 ||| INVOKING Heroism.
 12943 | Lair:4   | Found a viscous altar of Jiyva.
 12943 | Lair:4   | Found a staircase to the Slime Pits.
 13036 | Lair:4   | 13036 ||| DROPPING +6 ring of intelligence.
 13037 | Lair:4   | 13037 ||| DROPPING ring of wizardry.
 13038 | Lair:4   | 13038 ||| READING 4 scrolls of identify.
 13038 | Lair:4   | 13038 ||| IDENTIFYING bubbling blue potion
 13039 | Lair:4   | 13039 ||| DROPPING potion of invisibility.
 13045 | Lair:5   | Entered Level 5 of the Lair of Beasts
 13046 | Lair:5   | 13046 ||| STAIRDANCE
 13055 | Lair:5   | 13055 ||| INVOKING Heroism.
 13087 | Lair:5   | 13087 ||| INVOKING Heroism.
 13091 | Lair:5   | Received a gift from Okawaru
 13092 | Lair:5   | Noticed Sonja
 13093 | Lair:5   | 13093 ||| INVOKING Finesse.
 13121 | Lair:5   | Killed Sonja
 13121 | Lair:5   | Identified the +1 scale mail of Qorche {rF+ Slay+2}
                  | (Okawaru gifted it to you on level 5 of the Lair of Beasts)
 13121 | Lair:5   | Received a gift from Okawaru
 13186 | Lair:5   | 13186 ||| Stepping ~*~*~tactically~*~*~ (stealth).
 13187 | Lair:5   | 13187 ||| Stepping ~*~*~tactically~*~*~ (stealth).
 13192 | Lair:5   | 13192 ||| Stepping ~*~*~tactically~*~*~ (stealth).
 13256 | Lair:5   | 13256 ||| INVOKING Heroism.
 13257 | Lair:5   | 13257 ||| INVOKING Finesse.
 13261 | Lair:5   | 13261 ||| SWAPPING to +0 morningstar.
 13264 | Lair:5   | Reached skill level 13 in Axes
 13264 | Lair:5   | 13264 ||| SWAPPING to +5 war axe of freezing.
 13338 | Lair:5   | 13338 ||| INVOKING Heroism.
 13375 | Lair:5   | 13375 ||| SWAPPING to +0 morningstar.
 13376 | Lair:5   | 13376 ||| INVOKING Finesse.
 13382 | Lair:5   | 13382 ||| SWAPPING to +5 war axe of freezing.
 13428 | Lair:5   | 13428 ||| INVOKING Heroism.
 13465 | Lair:5   | 13465 ||| INVOKING Finesse.
 13530 | Lair:5   | 13530 ||| INVOKING Heroism.
 13601 | Lair:5   | 13601 ||| INVOKING Heroism.
 13609 | Lair:5   | 13609 ||| Stepping ~*~*~tactically~*~*~ (stealth).
 13610 | Lair:5   | 13610 ||| Stepping ~*~*~tactically~*~*~ (stealth).
 13635 | Lair:5   | 13635 ||| Stepping ~*~*~tactically~*~*~ (stealth).
 13636 | Lair:5   | 13636 ||| INVOKING Finesse.
 13639 | Lair:5   | 13639 ||| SWAPPING to +0 morningstar.
 13649 | Lair:5   | 13649 ||| SWAPPING to +5 war axe of freezing.
 13688 | Lair:5   | 13688 ||| Stepping ~*~*~tactically~*~*~ (stealth).
 13692 | Lair:5   | Gained mutation: Your large and strong wings let you fly.
                  | [Gargoyle growth]
 13692 | Lair:5   | Reached XP level 14. HP: 88/88 MP: 21/21
 13720 | Lair:5   | 13720 ||| INVOKING Heroism.
 13814 | Lair:5   | 13814 ||| Stepping ~*~*~tactically~*~*~ (hiding).
 13851 | Lair:5   | 13851 ||| INVOKING Heroism.
 13852 | Lair:5   | 13852 ||| SWAPPING to +0 morningstar.
 13853 | Lair:5   | 13853 ||| INVOKING Finesse.
 13862 | Lair:5   | 13862 ||| SWAPPING to +5 war axe of freezing.
 13916 | Lair:5   | Reached skill level 14 in Axes
 13965 | Lair:5   | 13965 ||| Stepping ~*~*~tactically~*~*~ (hiding).
 13974 | Lair:5   | 13974 ||| Stepping ~*~*~tactically~*~*~ (hiding).
 13990 | Lair:5   | 13990 ||| Stepping ~*~*~tactically~*~*~ (stealth).
 13993 | Lair:5   | 13993 ||| INVOKING Heroism.
 13994 | Lair:5   | 13994 ||| INVOKING Finesse.
 14011 | Lair:5   | Found a burning altar of Makhleb.
 14065 | Lair:5   | Found a gateway to Hell.
 14069 | Lair:5   | 14069 ||| INVOKING Heroism.
 14153 | Lair:5   | 14153 ||| INVOKING Heroism.
 14154 | Lair:5   | 14154 ||| SWAPPING to +0 morningstar.
 14164 | Lair:5   | 14164 ||| SWAPPING to +5 war axe of freezing.
 14314 | Lair:5   | 14314 ||| INVOKING Heroism.
 14317 | Lair:5   | 14317 ||| SWAPPING to +0 morningstar.
 14324 | Lair:5   | 14324 ||| SWAPPING to +5 war axe of freezing.
 14398 | Lair:5   | 14398 ||| INVOKING Heroism.
 14422 | Lair:5   | 14422 ||| INVOKING Finesse.
 14740 | Lair:5   | 14740 ||| INVOKING Heroism.
 14973 | Lair:5   | 14973 ||| PLANNING D
 14973 | Lair:5   | 14973 ||| DROPPING +0 plate armour of fire resistance.
 15110 | D:12     | 15110 ||| PLANNING GAUNTLET
 15161 | D:12     | Found a gate leading to a gauntlet.
 15163 | D:12     | 15163 ||| INVOKING Heroism.
 15179 | Gauntlet | Entered a Gauntlet
 15179 | Gauntlet | Found a transporter.
 15179 | Gauntlet | Found a transporter.
 15179 | Gauntlet | Found a transporter.
 15199 | Gauntlet | Found a transporter.
 15213 | Gauntlet | Found a transporter.
 15214 | Gauntlet | Found a transporter.
 15221 | Gauntlet | Noticed a dire elephant
 15223 | Gauntlet | Found a transporter.
 15244 | Gauntlet | Found a transporter.
 15250 | Gauntlet | Found a transporter.
 15270 | Gauntlet | Found a transporter.
 15270 | Gauntlet | Found a transporter.
 15311 | Gauntlet | Found a transporter.
 15391 | Gauntlet | 15391 ||| INVOKING Heroism.
 15540 | Gauntlet | 15540 ||| INVOKING Heroism.
 15541 | Gauntlet | 15541 ||| INVOKING Finesse.
 15542 | Gauntlet | 15542 ||| Stepping ~*~*~tactically~*~*~ (cloud).
 15582 | Gauntlet | 15582 ||| INVOKING Heroism.
 15583 | Gauntlet | 15583 ||| Stepping randomly (cloudy).
 15584 | Gauntlet | 15584 ||| Stepping randomly (cloudy).
 15585 | Gauntlet | 15585 ||| Stepping randomly (cloudy).
 15586 | Gauntlet | 15586 ||| Stepping ~*~*~tactically~*~*~ (cloud).
 15647 | Gauntlet | 15647 ||| INVOKING Heroism.
 15653 | Gauntlet | Killed a dire elephant
 15663 | Gauntlet | Reached skill level 12 in Shields
 15700 | Gauntlet | Identified the +1 hat "Fosunaze" {Will+ Str+2 Dex-4}
 15707 | Gauntlet | 15707 ||| DROPPING +1 hat "Fosunaze" {Will+ Str+2 Dex-4}.
 15722 | Gauntlet | Identified the +7 spear "Syuqaful" {pain, rElec rC+ Str+2
                  | Int-2}
 15722 | Gauntlet | Identified the ring "Pomish" {Ice Will+ Int+2 Dex+4}
 15723 | Gauntlet | 15723 ||| INVOKING Heroism.
 15724 | Gauntlet | 15724 ||| INVOKING Finesse.
 15829 | Gauntlet | 15829 ||| DROPPING ring of ice.
 15845 | D:12     | 15845 ||| PLANNING D
 15948 | D:12     | 15948 ||| Stepping ~*~*~tactically~*~*~ (stealth).
 15958 | D:12     | 15958 ||| Stepping ~*~*~tactically~*~*~ (stealth).
 15961 | D:12     | 15961 ||| INVOKING Heroism.
 15968 | D:12     | 15968 ||| READING 10 scrolls of teleportation.
 16022 | D:12     | 16022 ||| Stepping ~*~*~tactically~*~*~ (stealth).
 16028 | D:12     | 16028 ||| INVOKING Heroism.
 16045 | D:12     | Received a gift from Okawaru
 16200 | D:12     | 16200 ||| Stepping ~*~*~tactically~*~*~ (hiding).
 16250 | D:12     | 16250 ||| READING scroll of enchant armour.
 16250 | D:12     | 16250 ||| ENCHANTING +0 plate armour of fire resistance.
 16448 | D:12     | Found a portal to a secret trove of treasure.
 16575 | D:12     | 16575 ||| DROPPING +1 plate armour.
 16583 | D:13     | 16583 ||| PLANNING BAZAAR
 16590 | D:13     | Received a gift from Okawaru
 16591 | D:13     | Reached skill level 6 in Throwing
 16659 | D:13     | 16659 ||| INVOKING Heroism.
 16660 | D:13     | 16660 ||| INVOKING Finesse.
 16662 | D:13     | 16662 ||| SWAPPING to +0 morningstar.
 16670 | D:13     | 16670 ||| SWAPPING to +5 war axe of freezing.
 16732 | D:13     | Found Titi Pif's Weapon Boutique.
 16735 | D:13     | 16735 ||| BUYING +3 vampiric broad axe (348 gold).
 16735 | D:13     | Bought a +3 vampiric broad axe for 348 gold pieces
 16735 | D:13     | 16735 ||| SWAPPING to +3 vampiric broad axe.
 16736 | D:13     | 16736 ||| DROPPING +5 war axe of freezing.
 16760 | D:13     | Identified the +8 war axe "Vesosmuh" {vorpal, Will+ Dex+2
                  | SInv}
 16766 | D:13     | Found a flickering gateway to a bazaar.
 16767 | D:13     | 16767 ||| READING scroll labelled BAUFO QUNNAS.
 16776 | Bazaar   | Entered a bazaar
 16776 | Bazaar   | Found Yfaibaowk's Antique Armour Emporium.
 16776 | Bazaar   | Found Hiboheon's Armour Emporium.
 16777 | Bazaar   | Found Tocridea's Assorted Antiques.
 16777 | Bazaar   | Found Ukluovop's Weapon Shoppe.
 16780 | Bazaar   | 16780 ||| BUYING pair of embroidered boots (157 gold).
 16780 | Bazaar   | Bought a pair of embroidered boots for 157 gold pieces
 16780 | Bazaar   | 16780 ||| BUYING runed chain mail (157 gold).
 16780 | Bazaar   | Bought a runed chain mail for 157 gold pieces
 16784 | Bazaar   | 16784 ||| BUYING +2 pair of boots (231 gold).
 16784 | Bazaar   | Bought a +2 pair of boots for 231 gold pieces
 16794 | Bazaar   | 16794 ||| BUYING emerald potion (29 gold).
 16794 | Bazaar   | Bought an emerald potion for 29 gold pieces
 16794 | Bazaar   | 16794 ||| BUYING potion of curing (99 gold).
 16794 | Bazaar   | Bought a potion of curing for 99 gold pieces
 16794 | Bazaar   | 16794 ||| BUYING scroll of enchant armour (247 gold).
 16794 | Bazaar   | Bought a scroll of enchant armour for 247 gold pieces
 16794 | Bazaar   | 16794 ||| READING scroll of enchant armour.
 16794 | Bazaar   | 16794 ||| ENCHANTING +1 plate armour of fire resistance.
 16795 | Bazaar   | 16795 ||| DROPPING +0 pair of boots of rampaging.
 16796 | Bazaar   | 16796 ||| DROPPING +4 chain mail of the Unbroken {Rampage
                  | rN++ Will+ Str-3}.
 16797 | Bazaar   | 16797 ||| DROPPING +3 chain mail of poison resistance.
 16798 | Bazaar   | 16798 ||| UPGRADING to +2 pair of boots.
 16808 | Bazaar   | 16808 ||| DROPPING +0 pair of boots.
 16809 | Bazaar   | 16809 ||| READING 6 scrolls of identify.
 16809 | Bazaar   | 16809 ||| IDENTIFYING emerald potion
 16814 | D:13     | 16814 ||| PLANNING D
 16836 | D:13     | Found Teafen's Armour Shop.
 16842 | D:13     | 16842 ||| SHOPLISTING +0 plate armour of cold resistance
                  | (390 gold, have 46).
 16842 | D:13     | 16842 ||| SHOPLISTING +1 plate armour of willpower (455
                  | gold, have 46).
 16854 | D:13     | Found Lakky's General Store.
 16857 | D:13     | 16857 ||| SHOPLISTING 3 scrolls of enchant armour (315
                  | gold, have 46).
 17030 | D:13     | 17030 ||| INVOKING Heroism.
 17031 | D:13     | 17031 ||| INVOKING Finesse.
 17080 | D:13     | 17080 ||| SWAPPING to +0 morningstar.
 17081 | D:13     | 17081 ||| INVOKING Finesse.
 17082 | D:13     | 17082 ||| INVOKING Heroism.
 17091 | D:13     | 17091 ||| SWAPPING to +3 vampiric broad axe.
 17146 | D:13     | Found a gate to the Vaults.
 17384 | D:13     | 17384 ||| DROPPING ring of positive energy.
 17441 | D:14     | 17441 ||| FLEEEEING.
 17442 | D:14     | 17442 ||| FLEEEEING.
 17443 | D:14     | 17443 ||| FLEEEEING.
 17445 | D:14     | 17445 ||| STAIRDANCE
 17486 | D:14     | 17486 ||| Stepping ~*~*~tactically~*~*~ (stealth).
 17503 | D:14     | Reached skill level 15 in Axes
 17509 | D:14     | Reached XP level 15. HP: 95/95 MP: 22/22
 17637 | D:14     | 17637 ||| INVOKING Heroism.
 17640 | D:14     | 17640 ||| Stepping ~*~*~tactically~*~*~ (hiding).
 17642 | D:14     | 17642 ||| Stepping ~*~*~tactically~*~*~ (hiding).
 17666 | D:14     | 17666 ||| INVOKING Heroism.
 17668 | D:14     | Reached skill level 3 in Dodging
 17773 | D:14     | Noticed Jorgrun
 17774 | D:14     | 17774 ||| Stepping ~*~*~tactically~*~*~ (hiding).
 17776 | D:14     | 17776 ||| Stepping ~*~*~tactically~*~*~ (hiding).
 17780 | D:14     | 17780 ||| INVOKING Heroism.
 17781 | D:14     | 17781 ||| INVOKING Finesse.
 17803 | D:14     | Killed Jorgrun
 17813 | D:14     | Reached skill level 12 in Fighting
 17896 | Abyss:3  | Cast into level 3 of the Abyss (deep elf pyromancer)
 17945 | Abyss:3  | 17945 ||| Stepping ~*~*~tactically~*~*~ (hiding).
 17946 | Abyss:3  | 17946 ||| Stepping ~*~*~tactically~*~*~ (hiding).
 17947 | Abyss:3  | 17947 ||| Stepping ~*~*~tactically~*~*~ (hiding).
 17966 | Abyss:3  | 17966 ||| INVOKING Heroism.
 17968 | Abyss:3  | 17968 ||| Stepping ~*~*~tactically~*~*~ (hiding).
 17983 | Abyss:3  | Received a gift from Okawaru
 18021 | Abyss:3  | 18021 ||| Stepping ~*~*~tactically~*~*~ (stealth).
 18035 | Abyss:3  | 18035 ||| Stepping ~*~*~tactically~*~*~ (stealth).
 18037 | Abyss:3  | 18037 ||| INVOKING Heroism.
 18049 | Abyss:3  | 18049 ||| Stepping ~*~*~tactically~*~*~ (hiding).
 18088 | Abyss:3  | 18088 ||| Stepping ~*~*~tactically~*~*~ (stealth).
 18089 | Abyss:3  | 18089 ||| INVOKING Heroism.
 18142 | Abyss:3  | 18142 ||| INVOKING Heroism.
 18147 | Abyss:3  | Noticed a tentacled starspawn
 18155 | Abyss:3  | 18155 ||| DRINKING 11 potions of curing.
 18155 | Abyss:3  | 18155 ||| (to cure confusion)
 18156 | Abyss:3  | 18156 ||| DRINKING 10 potions of curing.
 18156 | Abyss:3  | 18156 ||| (to cure confusion)
 18158 | Abyss:3  | 18158 ||| DRINKING 9 potions of curing.
 18158 | Abyss:3  | 18158 ||| (to cure confusion)
 18160 | Abyss:3  | Received a gift from Okawaru
 18161 | Abyss:3  | Noticed a profane servitor
 18163 | Abyss:3  | 18163 ||| DRINKING 8 potions of curing.
 18163 | Abyss:3  | 18163 ||| (to cure confusion)
 18163 | Abyss:3  | HP: 19/76 [tentacled starspawn (13)]
 18164 | Abyss:3  | 18164 ||| READING 10 scrolls of teleportation.
 18165 | Abyss:3  | 18165 ||| INVOKING Heroism.
 18165 | Abyss:3  | Slain by a tentacled starspawn

Levels and vault maps discovered:
D:1:      dpeg_arrival_rhombus, layout_loops_ring, serial_shops,
          nicolae_shop_bloodbath_and_beyond, nicolae_shop_trees,
          nicolae_square_shop, shop_fountains
D:2:      layout_loops_corners, ebering_ecumenical_altar_mist, item_on_display_a
D:3:      layout_rooms, uniq_crazy_yiuf_cottage, uniq_grinder
D:4:      layout_loops_ring, uniq_eustachio
D:5:      layout_cave_pools, lemuel_crystal_altar, minmay_temple_entry_fiery,
          uniq_edmund
D:6:      minmay_polygon_palace, layout_loops_ring, hex_tiny,
          kennysheep_flooded_box
D:7:      layout_cave_pools, nicolae_lava_and_water, grunt_ministairs_12
D:8:      layout_loops_ring, evilmike_ruin_ashenzari, minmay_misc_feat_tiny,
          nicolae_shop_fire_sale [nicolae_sub_dead_trees], minmay_manual_mail,
          uniq_maggie
D:9:      layout_small_grid, mainiacjoe_overflow_small_starburst,
          enter_bailey_3, nzn_ghost_randoct
D:10:     layout_roguey, mainiacjoe_overflow_six_doors_small,
          lightli_church_of_beogh
D:11:     layout_rooms, minmay_lair_entry_grove, minmay_orc_entry_temple_small
D:12:     layout_roguey, trove_entry_hex_spiral, gauntlet_entry_generic
D:13:     layout_basic, david_vaults_4, serial_shops, bzr_entry_lakeside,
          kennysheep_mini, shop, kennysheep_mini_moat, reono_crystal_passage,
          kennysheep_minor_cross
D:14:     layout_rooms, serial_park_tiny_1, uniq_jorgrun, uniq_roxanne
Temple:   nicolae_temple_no_exploring_needed
Lair:1:   layout_gridlike, uniq_erica
Lair:2:   layout_chaotic_city, guppyfry_snake_entry_island, minmay_holes,
          uniq_fannar
Lair:3:   layout_long_grid, swamp_mist, lemuel_fruit_fields, lemuel_fruit_tree,
          serial_bayou_shore_a
Lair:4:   layout_cave_pods, dpeg_slime_entry_enclosed,
          grunt_forest_stairs_clearing
Lair:5:   evil_forest, layout_cave_pods, uniq_sonja
Abyss:3:  base: D:5, lemuel_flamethrower_2, hangedman_shadowy_showcase

Skill      XL: |  1  2  3  4  5  6  7  8  9 10 11 12 13 14 15 |
---------------+----------------------------------------------+-----
Axes           | 2 3 4 5 6 7 8 9 10 11 13 15 | 15.5
Throwing       | 1 2 3 4 5 6 |  6.0
Fighting       | 4 5 6 7 8 9 10 11 12 | 12.0
Armour         | 4 5 7 8 9 10 11 | 11.0
Dodging        | 1 2 3 |  3.1
Invocations    | 3 4 5 9 10 | 10.0
Shields        | 7 9 10 11 12 | 12.0

Action                   |  1- 3 |  4- 6 |  7- 9 | 10-12 | 13-15 || total
-------------------------+-------+-------+-------+-------+-------++-------
Melee: War axe           |    66 |    88 |   246 |   432 |   456 ||  1288
       Morningstar       |       |       |       |    12 |    48 ||    60
       Broad axe         |       |       |       |       |   219 ||   219
Throw: Javelin           |    36 |    27 |    31 |    54 |   102 ||   250
       Boomerang         |       |       |       |    13 |     4 ||    17
Invok: Heroism           |       |       |    10 |    27 |    40 ||    77
       Finesse           |       |       |       |     3 |    15 ||    18
  Use: Scroll            |     7 |     6 |     6 |     7 |     8 ||    34
       Potion            |     1 |     5 |       |     5 |     4 ||    15
Armor: Scale mail        |    41 |     5 |       |       |       ||    46
       Plate armour      |       |    32 |   167 |   192 |   317 ||   708
Dodge: Dodged            |    26 |    20 |    72 |    84 |   146 ||   348
Block: Buckler           |    19 |    29 |    56 |       |       ||   104
       Kite shield       |       |       |    88 |   327 |   500 ||   915
       Reflection        |       |       |     6 |    17 |    12 ||    35

Table legend:
 A = Non-vault XP
 B = Vault XP
 C = Vault XP percentage of total XP
 D = Non-vault monster count
 E = Vault monster count
 F = Vault count percentage of total count
                 A         B        C        D         E       F
            +---------+---------+-------+---------+---------+-------
      Total |   69783 |   31130 |  30.8 |     357 |     115 |  24.4
            +---------+---------+-------+---------+---------+-------
        D:1 |      40 |       0 |   0.0 |      25 |       0 |   0.0
        D:2 |      82 |       0 |   0.0 |      24 |       0 |   0.0
        D:3 |      50 |     258 |  83.8 |       7 |       1 |  12.5
        D:4 |     383 |     203 |  34.6 |      12 |       1 |   7.7
        D:5 |     549 |     164 |  23.0 |      12 |       1 |   7.7
        D:6 |     978 |     927 |  48.7 |      14 |      13 |  48.1
        D:7 |     921 |      89 |   8.8 |      24 |       6 |  20.0
        D:8 |    3107 |    1341 |  30.1 |      30 |       6 |  16.7
        D:9 |    1281 |       8 |   0.6 |      16 |       4 |  20.0
       D:10 |    2305 |       0 |   0.0 |       5 |       0 |   0.0
       D:11 |    4468 |    3256 |  42.2 |      21 |      26 |  55.3
       D:12 |    4451 |       0 |   0.0 |      15 |       0 |   0.0
       D:13 |    5342 |    2552 |  32.3 |      12 |       3 |  20.0
       D:14 |    7681 |    1868 |  19.6 |      15 |       1 |   6.2
     Lair:1 |    2843 |     847 |  23.0 |      13 |       1 |   7.1
     Lair:2 |    7176 |    1342 |  15.8 |      27 |       4 |  12.9
     Lair:3 |    2891 |       0 |   0.0 |      10 |       0 |   0.0
     Lair:4 |    5533 |     998 |  15.3 |      18 |       6 |  25.0
     Lair:5 |   13055 |   11099 |  46.0 |      41 |      27 |  39.7
    Abyss:3 |    6647 |       0 |   0.0 |      16 |       0 |   0.0
   Gauntlet |       0 |    6178 | 100.0 |       0 |      15 | 100.0
            +---------+---------+-------+---------+---------+-------
